 Dungeon Crawl Stone Soup version 0.31.0 (webtiles) character file.

Game seed: 11219225759304952296

72 qw the Shooter (level 4, 0/28 HPs)
             Began as a Gargoyle Hunter on Jan 19, 2024.
             Slain by a gnoll
             ... wielding a +0 antimagic whip
              (3 damage)
             ... on level 3 of the Dungeon.
             The game lasted 00:00:04 (906 turns).

qw the Shooter (Gargoyle Hunter)                     Turns: 906, Time: 00:00:05

Health: 0/28       AC:  6    Str: 14    XL:     4   Next: 25%
Magic:  3/4        EV: 11    Int: 10    God:
Gold:   70         SH:  0    Dex: 15    Spells: 3/3 levels left

rFire   . . .        a - +0 shortbow
rCold   . . .        (shield currently unavailable)
rNeg    + . .        c - +0 leather armour
rPois   inf          (no helmet)
rElec   +            (no cloak)
rCorr   .            (no gloves)
SInv    .            (no boots)
Will    .....        (no amulet)
Stlth   ++           (no ring)
HPRegen 0.24/turn    (no ring)
MPRegen 0.09/turn

%: no passive effects
@: no status effects
A: sickness immunity, AC +3, negative energy resistance 1, electricity
resistance, torment resistance 1, petrification resistance
a: no special abilities


You were on level 3 of the Dungeon.
You visited 1 branch of the dungeon, and saw 3 of its levels.

You collected 70 gold pieces.


Innate Abilities, Weirdness & Mutations

You are immune to sickness and miasma.
Your stone body is resilient. (AC +3)
You are immune to poison.
You resist negative energy. (rN+)
You are resistant to electric shocks. (rElec)
You are resistant to unholy torment.
You are immune to petrification.


   Skills:
 - Level 3.1 Fighting
 + Level 5.2 Ranged Weapons
 - Level 1.5 Dodging
 - Level 1.1 Stealth


You had 3 spell levels left.
You didn't know any spells.
Your spell library was empty.

Inventory:

Hand Weapons
 a - a +0 shortbow (weapon)
Armour
 c - a +0 leather armour (worn)
Wands
 g - a wand of paralysis (2)
Scrolls
 b - a scroll of amnesia {unknown}
 e - a scroll of poison {unknown}
 h - a scroll of fog {unknown}
Potions
 d - a potion of mutation {unknown}
 f - a potion of lignification {unknown}
 i - a potion of heal wounds {unknown}

Dungeon Overview and Level Annotations

Branches:
Dungeon (3/15)

Altars:
Elyvilon

Annotations:
D:3 Grinder


Message History

892 ||| RETREEEEATING.
893 ||| RETREEEEATING.
894 ||| RETREEEEATING.
895 ||| ZAPPING wand of paralysis (3) at -2,5 (Grinder; floor).
Aiming: Paralyse
Press: ? - help, Q - select action, (/) - cycle Shift-Dir - straight line, f - Grinder Grinder suddenly stops moving!
You shoot an arrow. The arrow closely misses the gnoll.
The arrow hits Grinder but does no damage.
You shoot an arrow. The arrow hits the gnoll!
The gnoll is severely wounded.
The gnoll hits you with a +0 flail!
898 ||| RETREEEEATING.
899 ||| RETREEEEATING.
The gnoll attacks as it pursues you! The gnoll hits you with a +0 flail.
You shoot an arrow. The arrow hits the gnoll.
You kill the gnoll!
You shoot an arrow. The arrow hits the gnoll.
The gnoll is moderately wounded.
The gnoll barely misses you.
You shoot an arrow.
The arrow hits the gnoll but does no damage.
The gnoll is moderately wounded.
The gnoll hits you with a +0 antimagic whip.
The gnoll barely misses you.
903 ||| RETREEEEATING.
You shoot an arrow. The arrow hits the gnoll.
The gnoll is severely wounded.
The gnoll hits you but does no damage.
You shoot an arrow. The arrow barely misses the gnoll.
The arrow hits the gnoll but does no damage.
The gnoll barely misses you. x2
The gnoll hits you with a +0 antimagic whip.
You feel your power leaking away.
Grinder blinks!
You shoot an arrow. The arrow closely misses the gnoll.
The arrow barely misses the gnoll.
The gnoll hits you from afar with a +0 halberd.
The gnoll hits you with a +0 antimagic whip.
You die...

#######################
................@gg.:>#
##################g...#
#..### ###...#
###..g..## #.g......#
#.#.###### ...#5#
#.g..#.#


You could see 3 gnolls.

Vanquished Creatures
  Ijyb (D:3)
  A gnoll (D:3)
  An adder (D:2)
  3 endoplasms (D:1)
  A giant cockroach (D:1)
  4 goblins
  A hobgoblin (D:1)
  2 jackals (D:2)
  2 quokkas
  6 ball pythons
  2 bats
  2 frilled lizards
  2 kobolds (D:1)
  A rat (D:1)
29 creatures vanquished.

Notes
Turn   | Place    | Note
-------+----------+-------------------------------------------
     0 | D:1      | qw the Gargoyle Hunter began the quest for the Orb.
     0 | D:1      | Reached XP level 1. HP: 12/12 MP: 1/1
     0 | D:1      | 0 ||| qw: Version: 0.3-a-132-g3d54051
     0 | D:1      | 0 ||| qw: Game counter: 201
     0 | D:1      | 0 ||| qw: Melee chars always use a shield: true
     0 | D:1      | 0 ||| qw: God list: Okawaru
     0 | D:1      | 0 ||| qw: Allow faded altars: false
     0 | D:1      | 0 ||| qw: Do Orc after clearing Dungeon:15 true
     0 | D:1      | 0 ||| qw: Do second Lair branch before Depths: true
     0 | D:1      | 0 ||| qw: Lair rune preference: random
     0 | D:1      | 0 ||| qw: Goals: Normal
     0 | D:1      | 0 ||| PLANNING D:1-11
   212 | D:1      | Reached XP level 2. HP: 17/17 MP: 2/2
   550 | D:1      | 550 ||| READING scroll labelled IVOORGH ASIMATUO.
   551 | D:1      | 551 ||| READING scroll labelled SOMU KACOOCK.
   552 | D:1      | 552 ||| DROPPING scroll of butterflies.
   570 | D:2      | Found a white marble altar of Elyvilon.
   574 | D:2      | 574 ||| STAIRDANCE
   683 | D:2      | Reached XP level 3. HP: 21/21 MP: 3/3
   694 | D:2      | Reached skill level 5 in Ranged Weapons
   718 | D:2      | You fall into a shaft and drop 1 floor!
   740 | D:3      | Noticed Ijyb
   745 | D:3      | Paralysed by Ijyb for 4 turns
   756 | D:3      | Paralysed by Ijyb for 2 turns
   764 | D:3      | Killed Ijyb
   765 | D:3      | Reached skill level 3 in Fighting
   765 | D:3      | Reached XP level 4. HP: 12/28 MP: 4/4
   889 | D:3      | 889 ||| RETREEEEATING.
   890 | D:3      | Noticed Grinder
   891 | D:3      | 891 ||| RETREEEEATING.
   892 | D:3      | 892 ||| RETREEEEATING.
   893 | D:3      | 893 ||| RETREEEEATING.
   894 | D:3      | 894 ||| RETREEEEATING.
   895 | D:3      | 895 ||| ZAPPING wand of paralysis (3) at -2,5 (Grinder;
                  | floor).
   898 | D:3      | 898 ||| RETREEEEATING.
   899 | D:3      | 899 ||| RETREEEEATING.
   903 | D:3      | 903 ||| RETREEEEATING.
   906 | D:3      | HP: 3/28 [gnoll/+0 halberd (5)]
   906 | D:3      | Slain by a gnoll

Levels and vault maps discovered:
D:1:      minmay_arrival_radiant_lines, layout_basic,
          chequers_serial_rivers_micro_b
D:2:      layout_loops_cross, basic_altar
D:3:      layout_basic, mainiacjoe_overflow_brackets, uniq_grinder, uniq_ijyb,
          uniq_natasha

Skill      XL: |  1  2  3 |
---------------+----------+-----
Ranged Weapons | 5 |  5.2
Fighting       | 3 |  3.1
Dodging        | |  1.5
Stealth        | |  1.1

Action                     |  1- 3 |  4- 6 || total
---------------------------+-------+-------++-------
   Fire: Shortbow          |   102 |     8 ||   110
  Evoke: Wand              |       |     1 ||     1
    Use: Scroll            |     2 |       ||     2
 Armour: Leather armour    |    25 |     8 ||    33
  Dodge: Dodged            |    25 |     4 ||    29

Table legend:
 A = Non-vault XP
 B = Vault XP
 C = Vault XP percentage of total XP
 D = Non-vault monster count
 E = Vault monster count
 F = Vault count percentage of total count
                 A         B        C        D         E       F
            +---------+---------+-------+---------+---------+-------
      Total |      67 |      36 |  35.0 |      28 |       1 |   3.4
            +---------+---------+-------+---------+---------+-------
        D:1 |      25 |       0 |   0.0 |      16 |       0 |   0.0
        D:2 |      28 |       0 |   0.0 |      11 |       0 |   0.0
        D:3 |      14 |      36 |  72.0 |       1 |       1 |  50.0
            +---------+---------+-------+---------+---------+-------
